[Event "Titled Tuesday Blitz March 07 Early 2023"]
[White "SicilianPanzer"]
[Black "Kriti Mayur Patel"]
[BlackFideId "35061780"]
[WhiteElo "2252"]
[BlackElo "1306"]
[Result "0-1"]
[Round "04"]
[TimeControl "180+2"]
[Date "2023.03.07"]
[WhiteClock "0:00:01"]
[BlackClock "0:00:17"]

1. e4 e5 2. Nf3 Nc6 3. d4 exd4 4. Nxd4 Bb4+ 5. c3 Bc5 6. Nb3 Bb6 7. Bd3 Nf6 8. N1d2 O-O 9. O-O d6 10. Nc4 Bg4 11. Qc2 Ne5 12. Nxb6 axb6 13. f3 Bh5 14. Be2 Bg6 15. Bg5 d5 16. Rad1 c6 17. c4 Rc8 18. Qc3 Nxe4 19. fxe4 Qxg5 20. exd5 cxd5 21. g3 Nxc4 22. Bxc4 Rxc4 23. Qf3 Be4 24. Qf2 Rc2 25. Rd2 Rxd2 26. Nxd2 Bg6 27. Rd1 Qe5 28. Qxb6 Re8 29. Nf1 h6 30. Qf2 Be4 31. Qd2 Qf5 32. Ne3 Qf3 33. Ng2 Qxg2+ 34. Qxg2 Bxg2 35. Kxg2 Re2+ 36. Kg1 Rxb2 37. Rxd5 Rxa2 38. Rd8+ Kh7 39. Rd7 Rb2 40. Rxf7 b5 41. Rb7 b4 42. Rb6 b3 43. h4 Rb1+ 44. Kg2 b2 45. Kh2 Kg8 46. Kg2 Kf7 47. Kh2 Ke7 48. Kg2 Kd7 49. h5 Kc7 50. Rb3 Kc6 51. Rb8 Kd5 52. Rd8+ Kc4 53. Rc8+ Kd3 54. Rd8+ Kc2 55. Rc8+ Kb3 56. Rb8+ Kc4 57. Rc8+ Kd3 58. Rd8+ Ke3 59. Re8+ Kd4 60. Rd8+ Ke5 61. Rb8 Kf5 62. Rb5+ Kg4 63. Kh2 Kf3 64. Rb3+ Kg4 65. Kg2 Kxh5 66. Rb4 g5 0-1


[Site "https://www.chess.com"]

[Event "Titled Tuesday Blitz March 07 Early 2023"]
[White "Necula, Iulian"]
[Black "Chakravarthi Reddy, M"]
[WhiteFideId "1232380"]
[BlackFideId "25009532"]
[WhiteElo "1790"]
[BlackElo "2201"]
[Result "0-1"]
[Round "04"]
[TimeControl "180+2"]
[Date "2023.03.07"]
[WhiteClock "0:00:31"]
[BlackClock "0:01:18"]

1. d4 d5 2. Nc3 Nf6 3. Bf4 g6 4. e3 Bg7 5. h4 h5 6. Nf3 c5 7. dxc5 Qa5 8. Bd3 Qxc5 9. O-O Nc6 10. Ng5 e5 11. Bg3 Bg4 12. Qd2 O-O 13. f3 Bc8 14. Rae1 b6 15. a3 Bb7 16. Kh2 Rad8 17. Na4 Qe7 18. Qe2 e4 19. Bb5 exf3 20. gxf3 a6 21. Bxc6 Bxc6 22. Nxb6 Bb5 23. c4 dxc4 24. a4 c3 25. axb5 Rd2 26. bxa6 Rxb2 0-1


[Site "https://www.chess.com"]

[Event "Titled Tuesday Blitz March 07 Early 2023"]
[White "Fajdetic, Hrvoje"]
[Black "Tharushi, T H D Niklesha"]
[WhiteFideId "14501945"]
[BlackFideId "9918264"]
[WhiteElo "2185"]
[BlackElo "1596"]
[Result "1-0"]
[Round "04"]
[TimeControl "180+2"]
[Date "2023.03.07"]
[WhiteClock "0:00:27"]
[BlackClock "0:00:59"]

1. d4 Nf6 2. Bf4 e6 3. e3 b6 4. Nf3 Bb7 5. Be2 d6 6. O-O Nbd7 7. c3 Be7 8. h3 c5 9. Nbd2 d5 10. Ne5 O-O 11. Ndf3 Nh5 12. Bh2 f6 13. Nxd7 Qxd7 14. Nd2 g6 15. Bxh5 gxh5 16. Qxh5 Kh8 17. f4 Rg8 18. Rf3 Rg7 19. Rg3 Rag8 20. Nf1 Ba6 21. Rxg7 Rxg7 22. Bg3 Bxf1 23. Kxf1 Rxg3 24. Kf2 Rg7 25. g4 cxd4 26. exd4 Qd6 27. Kf3 Rg8 28. Re1 Bd8 29. Qf7 e5 30. dxe5 fxe5 31. Rxe5 Rf8 32. Qxd5 Bc7 33. Qxd6 Bxd6 34. Re4 Kg7 35. g5 Rf7 36. Kg4 Bc5 37. f5 h6 38. h4 Re7 39. f6+ Kf7 40. fxe7 Bxe7 41. Rxe7+ Kxe7 42. gxh6 1-0


[Site "https://www.chess.com"]

[Event "Titled Tuesday Blitz March 07 Early 2023"]
[White "Shimanov, Aleksandr"]
[Black "Nakamura, Hikaru"]
[WhiteFideId "4198603"]
[BlackFideId "2016192"]
[WhiteElo "2631"]
[BlackElo "2879"]
[Result "0-1"]
[Round "05"]
[TimeControl "180+2"]
[Date "2023.03.07"]
[WhiteClock "0:00:01"]
[BlackClock "0:00:24"]

1. e4 c6 2. d4 d5 3. Nc3 dxe4 4. Nge2 Nf6 5. Ng3 Bg4 6. Be2 Bxe2 7. Qxe2 Qxd4 8. Bf4 Nbd7 9. Rd1 Qb4 10. O-O O-O-O 11. Ncxe4 Nxe4 12. Nxe4 e5 13. Bd2 Qe7 14. Be3 Kb8 15. Qc4 Nf6 16. Qa4 a6 17. Qa5 Rd5 18. Qb6 Nxe4 19. Qa7+ Kc8 20. c4 Rd4 21. Bxd4 exd4 22. Rxd4 Nc5 23. Rfd1 Kc7 24. b4 Ne6 25. Rd7+ Qxd7 26. Rxd7+ Kxd7 27. Qxb7+ Nc7 28. a4 Bd6 29. b5 axb5 30. cxb5 cxb5 31. axb5 Ke6 32. Qe4+ Kf6 33. Qc6 Ke7 34. Qe4+ Ne6 35. Qb7+ Bc7 36. g3 Rb8 37. Qe4 h6 38. Qb4+ Bd6 39. Qa4 Bc5 40. Qc4 Rd8 41. Qc2 Rd4 42. Qb2 Rb4 43. Qe2 Bd4 44. Kg2 Rb2 45. Qe4 Rxf2+ 46. Kh1 Kf6 47. Qh4+ Ke5 48. Qe7 h5 49. Qb7 g5 50. Qb8+ Kf5 51. h3 g4 52. hxg4+ Kxg4 53. Qg8+ Kh3 54. Kg1 Rf3+ 55. Kh1 Rf1# 0-1


[Site "https://www.chess.com"]

[Event "Titled Tuesday Blitz March 07 Early 2023"]
[White "Naroditsky, Daniel"]
[Black "Tsydypov, Zhamsaran"]
[WhiteFideId "2026961"]
[BlackFideId "4108566"]
[WhiteElo "2633"]
[BlackElo "2584"]
[Result "1/2-1/2"]
[Round "05"]
[TimeControl "180+2"]
[Date "2023.03.07"]
[WhiteClock "0:00:04"]
[BlackClock "0:00:14"]

1. e4 c5 2. c3 e6 3. d4 d5 4. e5 Nc6 5. Nf3 Qb6 6. Bd3 Bd7 7. dxc5 Bxc5 8. O-O Qc7 9. Re1 Nge7 10. Nbd2 Ng6 11. Nb3 Bb6 12. Qe2 O-O 13. Nbd4 a6 14. h4 Nxd4 15. cxd4 f5 16. h5 Ne7 17. h6 Nc6 18. hxg7 Rf7 19. Be3 Rxg7 20. Rac1 Qd8 21. Qd2 Ba5 22. Rc3 Bxc3 23. bxc3 Rc8 24. Bg5 Qa5 25. Bf6 Rg4 26. Qh6 Rg6 27. Qh5 Be8 28. Ng5 h6 29. Re3 Rxf6 30. Qh3 Rg6 31. Nxe6 Ne7 32. Nf4 Rg7 33. Qxh6 Qxc3 34. Rh3 Qc1+ 35. Kh2 Ng6 36. Nxd5 Qxh6 37. Rxh6 Rd8 38. Nf6+ Kf8 39. d5 Nxe5 40. Bxf5 Ke7 41. Ne4 Rxd5 42. Re6+ Kd8 43. Nf6 Bf7 44. Nxd5 Bxe6 45. Bxe6 Rg6 46. Bf5 Rd6 47. Be4 b5 48. f4 Nc4 49. g4 a5 50. g5 Nd2 51. Bg2 b4 52. f5 Ke8 53. g6 Nc4 54. f6 Ne5 55. g7 Ng4+ 56. Kg3 Nh6 57. Kf4 Kf7 58. Ke5 Re6+ 59. Kd4 Ng8 60. Bh3 Re2 61. Bg4 Rd2+ 62. Kc5 Rxd5+ 63. Kxd5 Nxf6+ 64. Kc5 Nxg4 65. Kb5 Ne5 66. Kxa5 Nd3 67. Kb5 Kxg7 68. Kc4 Nc1 69. Kxb4 Nxa2+ 1/2-1/2


[Site "https://www.chess.com"]

[Event "Titled Tuesday Blitz March 07 Early 2023"]
[White "Narayanan.S.L"]
[Black "Duda, Jan-Krzysztof"]
[WhiteFideId "5058422"]
[BlackFideId "1170546"]
[WhiteElo "2547"]
[BlackElo "2790"]
[Result "0-1"]
[Round "05"]
[TimeControl "180+2"]
[Date "2023.03.07"]
[WhiteClock "0:00:38"]
[BlackClock "0:00:16"]

1. e4 c5 2. Nf3 d6 3. Bb5+ Bd7 4. Bxd7+ Nxd7 5. O-O Ngf6 6. Re1 Rc8 7. c3 e6 8. d4 Be7 9. Nbd2 O-O 10. Nf1 cxd4 11. cxd4 d5 12. e5 Ne4 13. Ng3 Nxg3 14. hxg3 Qc7 15. Re2 Rfe8 16. Bf4 a6 17. Rc1 Qb8 18. Rec2 Nb6 19. Qd3 Rxc2 20. Rxc2 Rc8 21. Bg5 Rxc2 22. Qxc2 Qc8 23. Qxc8+ Nxc8 24. Bxe7 Nxe7 25. Kf1 h5 26. Ke2 f6 27. a3 Kf7 28. Kd3 Nc6 29. exf6 gxf6 30. Nd2 Kg6 31. Nf1 Ne7 32. Ne3 Nc8 33. b3 Nd6 34. f3 Kg5 35. a4 a5 36. Ke2 Kg6 37. Kd3 Nc8 38. Nc2 Ne7 39. Na3 Nf5 40. Nb5 b6 41. Nc7 Kf7 42. Na8 Ke7 43. Nxb6 Kd8 44. g4 hxg4 45. fxg4 Nh6 46. Kc3 Kc7 47. Nxd5+ exd5 48. b4 Kb6 0-1


[Site "https://www.chess.com"]

[Event "Titled Tuesday Blitz March 07 Early 2023"]
[White "Steinberg, Nitzan"]
[Black "Erigaisi Arjun"]
[WhiteFideId "2801795"]
[BlackFideId "35009192"]
[WhiteElo "2486"]
[BlackElo "2737"]
[Result "0-1"]
[Round "05"]
[TimeControl "180+2"]
[Date "2023.03.07"]
[WhiteClock "0:00:03"]
[BlackClock "0:00:04"]

1. e4 c6 2. Nf3 d5 3. Nc3 g6 4. d4 Bg7 5. h3 Nf6 6. Bd3 dxe4 7. Nxe4 Nbd7 8. O-O O-O 9. Re1 Nxe4 10. Bxe4 Qc7 11. c4 e5 12. Bg5 exd4 13. Qd2 Nf6 14. Bd3 c5 15. Re2 Bd7 16. Rae1 Rae8 17. Ne5 Bc6 18. Bh6 Re6 19. Qg5 Rfe8 20. Bxg7 Kxg7 21. f4 Ng8 22. Qg3 R6e7 23. h4 Nf6 24. Qg5 h6 25. Qg3 Nh5 26. Qg4 Qd6 27. Bf5 Nf6 28. Qg3 Nh5 29. Qg4 Qf6 30. Nxg6 fxg6 31. Rxe7+ Rxe7 32. Rxe7+ Qxe7 33. Qxg6+ Kf8 34. Qxh5 Qe3+ 35. Kh1 Qc1+ 36. Kh2 Qxf4+ 37. Kh3 d3 38. Qg6 Qe3+ 39. Kh2 Qe5+ 40. Kh3 d2 41. Qxh6+ Ke7 42. Qg5+ Kf7 43. Bg6+ Ke6 44. Bf7+ Kxf7 45. Qh5+ Qxh5 0-1


[Site "https://www.chess.com"]

[Event "Titled Tuesday Blitz March 07 Early 2023"]
[White "Bluebaum, Matthias"]
[Black "Hakobyan, Aram"]
[WhiteFideId "24651516"]
[BlackFideId "13306677"]
[WhiteElo "2638"]
[BlackElo "2563"]
[Result "1/2-1/2"]
[Round "05"]
[TimeControl "180+2"]
[Date "2023.03.07"]
[WhiteClock "0:00:23"]
[BlackClock "0:00:29"]

1. d4 g6 2. c4 Bg7 3. e4 d6 4. Nc3 c5 5. d5 Bxc3+ 6. bxc3 e5 7. f4 Qf6 8. fxe5 Qh4+ 9. Kd2 Qxe4 10. exd6 Bf5 11. Qe1 Nf6 12. Nf3 O-O 13. Qxe4 Nxe4+ 14. Ke3 Nxd6 15. Bd3 Re8+ 16. Kd2 Nd7 17. Bxf5 Nxf5 18. Kd3 Nd6 19. Bh6 f5 20. Rhe1 Re4 21. Nd2 Rxe1 22. Rxe1 Re8 23. Rxe8+ Nxe8 24. Bf4 Kf7 25. Nf3 Ke7 26. h4 Nd6 27. Ng5 Nf6 28. Ne6 b6 29. Nc7 Nfe4 30. Nb5 Nc8 31. Bb8 a5 32. Bc7 Kd7 33. Be5 Nf2+ 34. Ke2 Ne4 35. Kd3 Nf2+ 36. Ke2 Ne4 37. Ke3 h6 38. g4 h5 39. gxf5 gxf5 40. Kf4 Nd2 41. Na3 Ne7 42. Bf6 Ng8 43. Kxf5 Nxf6 44. Kxf6 Nf3 45. Kg6 Nxh4+ 46. Kxh5 Nf5 47. Kg4 Nd6 48. Kf4 Ke7 49. Ke3 Kf6 50. Kd3 Ke5 51. Nc2 b5 52. Ne3 b4 53. cxb4 axb4 54. Nc2 Kf4 55. Na1 Nf7 56. Nb3 Ne5+ 57. Kc2 Nxc4 58. Nxc5 Ne3+ 59. Kb3 Nxd5 60. Kc4 Ke5 61. Nd3+ Kd6 62. Nxb4 Nxb4 63. Kxb4 Kc7 64. Ka4 Kb8 65. Ka5 Ka8 66. Kb5 Kb8 67. Ka5 Ka8 68. a3 Kb8 69. Kb6 Ka8 70. Ka6 Kb8 71. Kb5 Ka8 72. Ka5 Kb8 73. Kb4 Ka8 74. Ka4 Kb8 75. Kb5 Ka8 76. Kc4 Ka7 77. Kd5 Ka6 78. Kc5 Ka5 79. Kd4 Ka4 80. Kc3 Kxa3 1/2-1/2


[Site "https://www.chess.com"]

[Event "Titled Tuesday Blitz March 07 Early 2023"]
[White "Tabatabaei, M. Amin"]
[Black "Sjugirov, Sanan"]
[WhiteFideId "12521213"]
[BlackFideId "4189302"]
[WhiteElo "2575"]
[BlackElo "2569"]
[Result "0-1"]
[Round "05"]
[TimeControl "180+2"]
[Date "2023.03.07"]
[WhiteClock "0:00:02"]
[BlackClock "0:00:10"]

1. e4 c5 2. Nf3 Nc6 3. Bb5 e6 4. Bxc6 bxc6 5. b3 d6 6. e5 f6 7. exd6 Bxd6 8. O-O e5 9. h3 Ne7 10. Nc3 Ng6 11. d3 O-O 12. Ne4 Be7 13. Ba3 Qa5 14. Bb2 Be6 15. Re1 Rad8 16. Qd2 Qc7 17. Qc3 Bd5 18. Nfd2 Nf4 19. f3 Qd7 20. Nf1 Qf5 21. Bc1 Ne6 22. Qd2 Qg6 23. Qf2 Nd4 24. c3 Ne6 25. Ba3 f5 26. Nxc5 Nf4 27. Qg3 Qh6 28. Rxe5 Bd6 29. Rae1 Ng6 30. d4 f4 31. Qg4 Nxe5 32. dxe5 Be7 33. c4 Bf7 0-1


[Site "https://www.chess.com"]

[Event "Titled Tuesday Blitz March 07 Early 2023"]
[White "Yuan, Qingyu"]
[Black "Fedoseev, Vladimir"]
[WhiteFideId "8609772"]
[BlackFideId "24130737"]
[WhiteElo "2359"]
[BlackElo "2752"]
[Result "0-1"]
[Round "05"]
[TimeControl "180+2"]
[Date "2023.03.07"]
[WhiteClock "0:00:02"]
[BlackClock "0:00:16"]

1. e4 c5 2. Nf3 d6 3. Bb5+ Nd7 4. O-O a6 5. Bd3 Ngf6 6. Re1 b5 7. Bf1 Bb7 8. d3 g6 9. a4 Bg7 10. Nc3 b4 11. Ne2 O-O 12. Ng3 a5 13. Bf4 e5 14. Bd2 d5 15. Qc1 Re8 16. Bh6 Bh8 17. h3 Qb6 18. Qg5 c4 19. exd5 cxd3 20. Bxd3 Nxd5 21. Rad1 Nc5 22. Bb5 Bf6 23. Qg4 Bc8 24. Qc4 Be6 25. Bxe8 Nc3 26. Qf1 Nxd1 27. Bxf7+ Bxf7 28. Rxd1 Nxa4 29. b3 Nc3 30. Re1 Re8 31. Ne4 Nxe4 32. Rxe4 Bd5 33. Re3 e4 34. Qd1 Rd8 35. Nd2 g5 36. Qh5 Bf7 37. Qe2 Bc3 38. Bxg5 Rxd2 39. Qg4 Qe6 40. Qg3 Bg6 0-1


[Site "https://www.chess.com"]

[Event "Titled Tuesday Blitz March 07 Early 2023"]
[White "Bortnyk, Olexandr"]
[Black "Nogerbek, Kazybek"]
[WhiteFideId "14120828"]
[BlackFideId "13710427"]
[WhiteElo "2734"]
[BlackElo "2501"]
[Result "1-0"]
[Round "05"]
[TimeControl "180+2"]
[Date "2023.03.07"]
[WhiteClock "0:00:36"]
[BlackClock "0:00:20"]

1. d4 Nf6 2. Nc3 d5 3. Bf4 a6 4. e3 c5 5. dxc5 e6 6. Na4 Bxc5 7. Nxc5 Qa5+ 8. c3 Qxc5 9. Nf3 Nc6 10. Bd3 O-O 11. O-O Qe7 12. Ne5 Nxe5 13. Bxe5 Nd7 14. Bg3 b6 15. e4 Bb7 16. exd5 Bxd5 17. Re1 Rfe8 18. c4 Bc6 19. Re3 a5 20. Qh5 g6 21. Qh6 f6 22. Rae1 Qf7 23. Bd6 Nc5 24. Bxc5 bxc5 25. Rg3 f5 26. h4 e5 27. h5 Re6 28. hxg6 hxg6 29. Rxe5 Rae8 30. Bxf5 Rd6 31. Bxg6 1-0


[Site "https://www.chess.com"]

[Event "Titled Tuesday Blitz March 07 Early 2023"]
[White "Strahov, Andrej"]
[Black "Oparin, Grigoriy"]
[WhiteFideId "4165489"]
[BlackFideId "24125890"]
[WhiteElo "2593"]
[BlackElo "2641"]
[Result "0-1"]
[Round "05"]
[TimeControl "180+2"]
[Date "2023.03.07"]
[WhiteClock "0:00:05"]
[BlackClock "0:00:10"]

1. e4 c5 2. Nf3 d6 3. d4 cxd4 4. Nxd4 Nf6 5. Nc3 Nc6 6. Bg5 e6 7. Qd2 a6 8. O-O-O Bd7 9. f3 Nxd4 10. Qxd4 Be7 11. h4 Qc7 12. Kb1 b5 13. Qd2 h6 14. Be3 b4 15. Ne2 a5 16. g4 Rc8 17. Nd4 Qb7 18. Bd3 a4 19. g5 Nh5 20. Rhg1 g6 21. f4 hxg5 22. hxg5 a3 23. f5 e5 24. fxg6 fxg6 25. Ne2 axb2 26. Rgf1 Be6 27. Nd4 exd4 28. Bxd4 Rg8 29. Bxb2 Ra8 30. e5 d5 31. Qe2 Ng3 32. Bb5+ Kd8 33. Qd3 Nxf1 34. Rxf1 Ra5 35. Bc4 Kc7 36. Bb3 Qa6 37. Qd1 Rf8 38. Rh1 Qb5 39. Bd4 Raa8 40. Kb2 Rf7 41. Rh6 Rg8 42. Qd2 Bc5 43. Rh4 Bxd4+ 44. Rxd4 Qc5 45. Rxb4 Rb8 46. Ra4 Rf2 47. Qe1 Bf5 48. Ka1 Bh3 49. e6 Rf1 50. Qxf1 Bxf1 51. e7 Qc3+ 52. Kb1 Kd6 53. Ra6+ Kxe7 54. Ra7+ Kd6 55. Rf7 Re8 56. Rxf1 Re1+ 57. Rxe1 Qxe1+ 58. Kb2 Qe5+ 0-1


[Site "https://www.chess.com"]

[Event "Titled Tuesday Blitz March 07 Early 2023"]
[White "Nihal Sarin"]
[Black "Corrales Jimenez, Fidel"]
[WhiteFideId "25092340"]
[BlackFideId "3506690"]
[WhiteElo "2689"]
[BlackElo "2541"]
[Result "1-0"]
[Round "05"]
[TimeControl "180+2"]
[Date "2023.03.07"]
[WhiteClock "0:00:18"]
[BlackClock "0:00:35"]

1. e4 c6 2. Nf3 d5 3. Nc3 dxe4 4. Nxe4 Nf6 5. Qe2 Bf5 6. Nxf6+ gxf6 7. d3 e6 8. g3 Nd7 9. Bg2 Be7 10. O-O Bg6 11. Bh6 Qa5 12. d4 Qh5 13. Bf4 O-O 14. Rfe1 Nb6 15. c4 Rad8 16. b3 Rd7 17. h3 Rfd8 18. a4 Bb4 19. a5 Bxe1 20. Qxe1 Qf5 21. axb6 axb6 22. Be3 Qc2 23. Qb4 c5 24. dxc5 Rd1+ 25. Rxd1 Qxd1+ 26. Kh2 Be4 27. Qxb6 Ra8 28. Nd4 Bxg2 29. Kxg2 Ra1 30. g4 Kg7 31. Qc7 Qh1+ 32. Kg3 h5 33. Nxe6+ Kg8 34. Qd8+ Kh7 35. Nf8+ Kg7 36. Bh6+ Kg8 37. Ng6+ Kh7 38. Qh8+ Kxg6 39. Qg7# 1-0


[Site "https://www.chess.com"]

[Event "Titled Tuesday Blitz March 07 Early 2023"]
[White "Matlakov, Maxim"]
[Black "Drygalov, Sergey"]
[WhiteFideId "4168003"]
[BlackFideId "24171743"]
[WhiteElo "2666"]
[BlackElo "2533"]
[Result "1-0"]
[Round "05"]
[TimeControl "180+2"]
[Date "2023.03.07"]
[WhiteClock "0:00:21"]
[BlackClock "0:00:02"]

1. e4 c5 2. Nf3 d6 3. Bb5+ Nd7 4. O-O Nf6 5. Re1 a6 6. Bxd7+ Bxd7 7. c3 e6 8. d4 cxd4 9. cxd4 d5 10. e5 Ne4 11. Nfd2 Bc6 12. Nc3 Bb4 13. Re3 Qb6 14. a3 Be7 15. Ndxe4 dxe4 16. Rg3 O-O-O 17. Be3 Qxb2 18. Rc1 g5 19. Nxe4 Kb8 20. Nxg5 Bxg5 21. Rxg5 Rhg8 22. Rg3 h5 23. Rb1 Qxa3 24. Bg5 Qa2 25. Bxd8 Rxd8 26. Rgb3 Qa5 27. Qxh5 Rxd4 28. Qxf7 Qd5 29. Qg8+ Ka7 30. h3 a5 31. Qg3 a4 32. Rc3 Rd1+ 33. Rxd1 Qxd1+ 34. Kh2 Qd4 35. h4 Bd5 36. h5 Qe4 37. Qe3+ Qxe3 38. Rxe3 Bb3 39. Rc3 Bd5 40. f3 Ba2 41. Rc1 a3 42. h6 1-0


[Site "https://www.chess.com"]

[Event "Titled Tuesday Blitz March 07 Early 2023"]
[White "Rustemov, Alexander"]
[Black "Kramnik, Vladimir"]
[WhiteFideId "4119002"]
[BlackFideId "4101588"]
[WhiteElo "2890"]
[BlackElo "2712"]
[Result "1-0"]
[Round "05"]
[TimeControl "180+2"]
[Date "2023.03.07"]
[WhiteClock "0:00:05"]
[BlackClock "0:00:02"]

1. d4 Nf6 2. c4 e6 3. Nf3 Bb4+ 4. Bd2 Bxd2+ 5. Qxd2 O-O 6. g3 d5 7. Qc2 c6 8. Bg2 b6 9. O-O Bb7 10. Nbd2 Na6 11. Rac1 c5 12. cxd5 exd5 13. Ne5 Re8 14. Ndf3 Ne4 15. Rfd1 Qe7 16. dxc5 bxc5 17. Nd3 d4 18. Nd2 Nxd2 19. Rxd2 Bxg2 20. Kxg2 h5 21. h4 Rac8 22. Qc4 Qe4+ 23. Kg1 Qb7 24. Rdc2 g6 25. a3 Red8 26. Nf4 Kg7 27. Qd3 Rc7 28. b4 cxb4 29. Rxc7 Nxc7 30. axb4 Nb5 31. Rc4 a6 32. Kh2 Qd7 33. Qf3 Rc8 34. Rxc8 Qxc8 35. Nd3 Qe6 36. Kg2 Nc3 37. Nc5 Qe5 38. Nxa6 Nxe2 39. Nc5 Nc3 40. Nd3 Qb5 41. Kg1 Qc4 42. Kg2 Qb5 43. Kg1 Nd5 44. Qe4 Nf6 45. Qxd4 Qa4 46. Nf4 Qc6 47. Qb2 Qb5 48. Ne2 Qc6 49. b5 Qb6 50. Nf4 Kg8 51. Qe5 Ng4 52. Qe8+ Kg7 53. Qe2 Qc5 54. Kg2 Qb6 55. f3 Nf6 56. Qe5 Kg8 57. Ne2 Nd7 58. Qe8+ Nf8 59. Nf4 Kg7 60. Qc6 Qd4 61. Qc2 1-0


[Site "https://www.chess.com"]

[Event "Titled Tuesday Blitz March 07 Early 2023"]
[White "Madaminov, Mukhiddin"]
[Black "Keymer, Vincent"]
[WhiteFideId "14210703"]
[BlackFideId "12940690"]
[WhiteElo "2511"]
[BlackElo "2651"]
[Result "1-0"]
[Round "05"]
[TimeControl "180+2"]
[Date "2023.03.07"]
[WhiteClock "0:00:19"]
[BlackClock "0:00:01"]

1. d4 Nf6 2. Nc3 d5 3. Bf4 c5 4. e4 Nxe4 5. Nxe4 dxe4 6. dxc5 Qa5+ 7. c3 Qxc5 8. Qa4+ Nc6 9. Qxe4 g6 10. Nf3 Bg7 11. Qe3 Qxe3+ 12. Bxe3 O-O 13. O-O-O Be6 14. Kb1 Rfd8 15. Be2 h6 16. h4 Bd5 17. Rhe1 Rd7 18. Bc4 Rad8 19. Rxd5 Rxd5 20. Bxd5 Rxd5 21. Kc2 f5 22. a4 Kf7 23. Nd2 e5 24. Nc4 Ke6 25. b4 a6 26. Nb6 Rd8 27. b5 axb5 28. axb5 Ne7 29. c4 e4 30. g3 Rd3 31. Na4 Kf7 32. Bc5 Nc8 33. Rd1 Rxd1 34. Kxd1 g5 35. hxg5 hxg5 36. Kc2 f4 37. gxf4 gxf4 38. Nc3 Bxc3 39. Kxc3 Ke6 40. Kd4 e3 41. fxe3 b6 42. exf4 bxc5+ 43. Kxc5 Ne7 44. b6 Kd7 45. Kb5 Nc6 46. Kc5 Ne7 47. Kb5 Nc6 48. c5 Nd4+ 49. Kc4 Nc6 50. Kd5 Ne7+ 51. Ke5 Kc6 52. f5 Kxc5 53. b7 Nc6+ 54. Ke4 Kb6 55. f6 Kxb7 56. f7 1-0


[Site "https://www.chess.com"]

[Event "Titled Tuesday Blitz March 07 Early 2023"]
[White "Mikhailovsky, Vladimir"]
[Black "Talibov, Shiroghlan"]
[WhiteFideId "34105414"]
[BlackFideId "13429078"]
[WhiteElo "2293"]
[BlackElo "2218"]
[Result "0-1"]
[Round "05"]
[TimeControl "180+2"]
[Date "2023.03.07"]
[WhiteClock "0:00:02"]
[BlackClock "0:00:31"]

1. e4 c5 2. c3 e6 3. d4 d5 4. exd5 exd5 5. Nf3 Nf6 6. Bb5+ Bd7 7. Bxd7+ Nbxd7 8. O-O Be7 9. dxc5 Nxc5 10. Nbd2 O-O 11. Nb3 Rc8 12. Re1 h6 13. Nxc5 Bxc5 14. Be3 Bxe3 15. Rxe3 Qb6 16. Qb3 Qc7 17. Rae1 Rfd8 18. Nd4 Ng4 19. Rg3 Qf4 20. Rf1 b6 21. Qd1 Nf6 22. Rf3 Qg5 23. Nf5 Ne4 24. Re1 Re8 25. h3 Re6 26. Ng3 Rce8 27. Rf5 Qg6 28. Rxd5 Nxg3 29. Rxe6 fxe6 30. Rd7 Nf5 31. Rxa7 Nh4 32. Qg4 Qf6 33. Rb7 Rf8 34. f3 Nf5 35. Rxb6 Qe5 36. Qe4 Qc5+ 0-1


[Site "https://www.chess.com"]

[Event "Titled Tuesday Blitz March 07 Early 2023"]
[White "Andreikin, Dmitry"]
[Black "Volkov, Sergey"]
[WhiteFideId "4158814"]
[BlackFideId "4122763"]
[WhiteElo "2736"]
[BlackElo "2401"]
[Result "1-0"]
[Round "05"]
[TimeControl "180+2"]
[Date "2023.03.07"]
[WhiteClock "0:02:06"]
[BlackClock "0:00:02"]

1. Nf3 d5 2. d4 Nf6 3. c4 c6 4. Qc2 g6 5. cxd5 cxd5 6. Bf4 Nc6 7. Nc3 Bg7 8. e3 O-O 9. h3 Bf5 10. Qb3 Na5 11. Qd1 Rc8 12. Be2 Ne4 13. Nxe4 Bxe4 14. O-O Bxf3 15. Bxf3 e6 16. Qa4 Qb6 17. Rac1 Nc4 18. Be2 Nxb2 19. Qd7 Nc4 20. Rb1 Qa6 21. Rxb7 Qxa2 22. Bxc4 dxc4 23. Rxa7 Qb2 24. Bd6 Rcd8 25. Qc7 Rc8 26. Qd7 Rcd8 27. Qc6 Rc8 28. Qf3 Qb6 29. Rd7 Qb5 30. Rb7 Qd5 31. Bxf8 Qxf3 32. gxf3 Bxf8 33. Rc1 c3 34. Rb3 c2 35. Rb2 Ba3 36. Rcxc2 Rf8 37. Rb7 Bd6 38. f4 h6 39. Kg2 g5 40. Rc6 Ba3 41. f5 exf5 42. Rxh6 Kg7 43. Ra6 Bc1 44. Ra2 f4 45. Rc7 fxe3 46. Rxc1 e2 47. Rxe2 1-0


[Site "https://www.chess.com"]

[Event "Titled Tuesday Blitz March 07 Early 2023"]
[White "Dubov, Daniil"]
[Black "Korchmar, Vasiliy"]
[WhiteFideId "24126055"]
[BlackFideId "24131750"]
[WhiteElo "2802"]
[BlackElo "2370"]
[Result "1-0"]
[Round "05"]
[TimeControl "180+2"]
[Date "2023.03.07"]
[WhiteClock "0:00:33"]
[BlackClock "0:00:03"]

1. Nf3 d5 2. g3 g6 3. Bg2 Bg7 4. O-O e5 5. d3 Ne7 6. Nc3 O-O 7. e4 d4 8. Ne2 c5 9. Nd2 Nbc6 10. a4 Be6 11. f4 f6 12. b3 Kh8 13. Nc4 b6 14. f5 Bf7 15. g4 g5 16. h4 h6 17. Kf2 a6 18. Rh1 Kg8 19. Ng3 b5 20. axb5 axb5 21. Rxa8 Qxa8 22. Nd6 c4 23. bxc4 bxc4 24. hxg5 hxg5 25. Nh5 Qa2 26. Nxf7 Rxf7 27. Kg3 Nb4 28. dxc4 Qxc4 29. Bf1 Qc3+ 30. Qf3 Qxc2 31. Ba3 Nec6 32. Bb5 Ra7 33. Rc1 Qd2 34. Qb3+ Kh7 35. Rh1 Bh6 36. Nxf6+ Kg7 37. Qg8+ Kxf6 38. Qe6+ Kg7 39. Qxh6+ Kf7 40. Qe6+ Kg7 41. f6+ Kg6 42. f7+ Kg7 43. f8=Q+ Kxf8 44. Rh8+ 1-0


[Site "https://www.chess.com"]

[Event "Titled Tuesday Blitz March 07 Early 2023"]
[White "Aldokhin, Ivan"]
[Black "Pranav, V"]
[WhiteFideId "24115720"]
[BlackFideId "25060783"]
[WhiteElo "2322"]
[BlackElo "2500"]
[Result "0-1"]
[Round "05"]
[TimeControl "180+2"]
[Date "2023.03.07"]
[WhiteClock "0:00:02"]
[BlackClock "0:00:06"]

1. e4 e5 2. Nf3 Nc6 3. Bb5 a6 4. Ba4 Nf6 5. O-O Be7 6. Re1 b5 7. Bb3 O-O 8. d4 d6 9. c3 h6 10. Be3 exd4 11. cxd4 Na5 12. Bc2 c5 13. e5 dxe5 14. dxe5 Ng4 15. Bf4 Qxd1 16. Rxd1 f6 17. Be4 Ra7 18. Bd5+ Kh8 19. e6 Rd8 20. Bb8 Rb7 21. Bg3 Bxe6 22. Nc3 Bxd5 23. Rxd5 Rxd5 24. Nxd5 Rd7 25. Nb6 Rd3 26. Re1 Bd8 27. Nc8 Nc4 28. b3 Nd2 29. h3 Nxf3+ 30. gxf3 Ne5 31. Bxe5 fxe5 32. Rxe5 c4 33. bxc4 bxc4 34. Rc5 Rxf3 35. Rxc4 Rxh3 36. Nd6 Kh7 37. Ra4 a5 38. Nb7 Bb6 39. Nxa5 Rg3+ 40. Kf1 Rf3 41. Nc4 Rxf2+ 42. Ke1 Bc5 43. Ra5 Bd4 44. Rd5 Rf4 45. Ke2 Ba7 46. Kd3 Rf3+ 47. Ke4 Rf2 48. a4 Ra2 49. a5 Bf2 50. Rd7 Be1 51. Rd5 Bb4 52. Rb5 Ra4 53. Kd5 h5 54. Kc6 Kh6 55. Kb6 Be1 56. a6 Rxc4 57. Kb7 Bf2 58. Rf5 Be3 59. Re5 Rb4+ 60. Kc8 Bg1 61. Re1 Rc4+ 62. Kb7 Bd4 63. Re4 Rb4+ 64. Kc6 Ra4 65. Kb7 g5 0-1


[Site "https://www.chess.com"]

[Event "Titled Tuesday Blitz March 07 Early 2023"]
[White "Lazavik, Denis"]
[Black "De Silva, L M S T"]
[WhiteFideId "13515110"]
[BlackFideId "9953698"]
[WhiteElo "2560"]
[BlackElo "2403"]
[Result "1/2-1/2"]
[Round "05"]
[TimeControl "180+2"]
[Date "2023.03.07"]
[WhiteClock "0:00:04"]
[BlackClock "0:00:06"]

1. d4 Nf6 2. c4 e6 3. Nf3 d5 4. g3 Bb4+ 5. Bd2 Be7 6. Bg2 O-O 7. O-O c6 8. Bc3 Ne4 9. Nbd2 Nxc3 10. bxc3 Nd7 11. a4 b6 12. Qb3 Ba6 13. Rfc1 Rb8 14. e3 Qc7 15. cxd5 cxd5 16. c4 dxc4 17. Nxc4 Rfc8 18. Bf1 Qc6 19. Qd1 Qd5 20. Ncd2 Bxf1 21. Qxf1 e5 22. Qb5 Qe6 23. dxe5 Nc5 24. Nd4 Qxe5 25. Nc6 a6 26. Nxe5 axb5 27. axb5 Bf6 28. Ndf3 Re8 29. Nc6 Bxa1 30. Nxb8 Bb2 31. Rc2 Rxb8 32. Rxb2 Ra8 33. Rd2 Kf8 34. Rd6 Ne4 35. Rxb6 Ra1+ 36. Kg2 Ra2 37. Nd4 Rxf2+ 38. Kg1 Rb2 39. Nf5 Ke8 40. Nxg7+ Kd7 41. Nf5 Nd2 42. Nd4 Nc4 43. Rb7+ Kd6 44. Nf5+ Ke5 45. Rxf7 Nd2 46. Nd4 Ke4 47. Re7+ Kd3 48. Kg2 Nc4+ 49. Kh3 Nxe3 50. Nf3 Nf1 51. Rd7+ Ke3 52. Rf7 Rxb5 53. Kg2 Rb1 54. Re7+ Kd3 55. Rd7+ Ke2 56. Nd4+ Ke1 57. Nf5 Rb2+ 58. Kf3 Nxh2+ 59. Kf4 Nf1 60. Re7+ Kf2 61. Nd6 Rb4+ 62. Ne4+ Kg2 63. Kg5 Nxg3 64. Nxg3 Kxg3 65. Rxh7 Rg4+ 66. Kf5 Rh4 67. Rxh4 Kxh4 1/2-1/2


[Site "https://www.chess.com"]